 Dungeon Crawl Stone Soup version 0.20-a0-1057-g9a88637 (webtiles) character file.

18671 AlphabetPasta the Black Sun (level 12, -18/114 HPs)
             Began as an Ogre Necromancer on Apr 26, 2017.
             Was a High Priest of Kikubaaqudgha.
             Hit by a large rock thrown by a stone giant (31 damage)
             ... on level 9 of the Dungeon.
             The game lasted 02:30:21 (19868 turns).

AlphabetPasta the Black Sun (Ogre Necromancer)     Turns: 19868, Time: 02:30:22

Health: -18/114    AC:  6    Str: 15    XL:     12   Next: 60%
Magic:  13/25      EV: 13    Int: 16    God:    Kikubaaqudgha [*****.]
Gold:   406        SH:  0    Dex: 13    Spells: 10/30 levels left

rFire    . . .     SeeInvis +   A - +1 trident
rCold    . . .     Gourm    .   (no shield)
rNeg     . . .     Faith    .   R - +0 troll leather armour
rPois    .         Spirit   .   L - +0 hat
rElec    .         Reflect  .   l - +0 cloak
rCorr    .         Harm     .   (gloves unavailable)
MR       +....                  (boots unavailable)
Stlth    ++........             (no amulet)
Regen    0.7/turn               (no ring)
MPRegen  0.2/turn               h - ring of see invisible

@: no status effects
A: unfitting armour, tough skin 1
a: Receive Corpses, Torment, Renounce Religion


You were on level 9 of the Dungeon.
You worshipped Kikubaaqudgha.
Kikubaaqudgha was extremely pleased with you.
You were not hungry.

You visited 1 branch of the dungeon, and saw 12 of its levels.
You also visited: Sewer and Bailey.

You collected 714 gold pieces.
You spent 308 gold pieces at shops.

Inventory:

Hand Weapons
 i - a +0 spear
 A - a +1 trident (weapon)
 S - a +0 halberd
Missiles
 d - 6 poisoned javelins
 s - 4 javelins (quivered)
 N - 50 tomahawks of returning
Armour
 l - a +0 cloak (worn)
 L - a +0 hat (worn)
 R - a +0 troll leather armour (worn)
Jewellery
 h - a ring of see invisible (right hand)
 I - a +1 ring of protection
 M - an uncursed ring of flight
 V - an uncursed ring of protection from magic
 W - an uncursed amulet of regeneration {unknown}
 Z - a +3 amulet of reflection {unknown}
Wands
 o - a wand of paralysis (3/24)
 E - a wand of polymorph (2/24)
 H - a wand of acid (4/15)
 P - a wand of scattershot (0/9)
 Q - a wand of digging (17/24)
 X - a wand of acid (7/15)
Scrolls
 f - a scroll of fog
 g - 3 scrolls of amnesia
 k - a scroll of remove curse
 n - a scroll of teleportation
 r - 3 scrolls of enchant armour
 t - 4 scrolls of magic mapping
 u - 2 scrolls of recharging
 B - a scroll of silence
 J - 3 scrolls of enchant weapon
 T - a scroll of summoning
Potions
 e - a potion of heal wounds
 j - 4 potions of agility
 m - a potion of cancellation
 p - 8 potions of curing
 q - 2 potions of haste
 v - 3 potions of might
 w - a potion of brilliance
 x - a potion of magic
 z - 2 potions of mutation {unknown}
 C - a potion of experience {unknown}
 D - 2 potions of invisibility {unknown}
 O - a potion of flight {unknown}
Books
 y - Kikubaaqudgha's Catalogue of Black Secrets
   (Kikubaaqudgha gifted it to you on level 5 of the Dungeon)

   Spells                             Type                      Level
   a - Animate Skeleton               Necromancy                   1
   b - Corpse Rot                     Necromancy                   2
   c - Sublimation of Blood           Necromancy                   2
   d - Regeneration                   Charms/Necromancy            3
   e - Control Undead                 Necromancy                   4
 F - a book of Flames

   Spells                             Type                      Level
   a - Flame Tongue                   Conjuration/Fire             1
   b - Throw Flame                    Conjuration/Fire             2
   c - Conjure Flame                  Conjuration/Fire             3
   d - Inner Flame                    Hexes/Fire                   3
   e - Sticky Flame                   Conjuration/Fire             4
   f - Fireball                       Conjuration/Fire             5
 G - Kikubaaqudgha's Catalogue of Evil Secrets
   (Kikubaaqudgha gifted it to you on level 10 of the Dungeon)

   Spells                             Type                      Level
   a - Animate Dead                   Necromancy                   4
   b - Excruciating Wounds            Charms/Necromancy            5
   c - Bolt of Draining               Conjuration/Necromancy       5
   d - Agony                          Necromancy                   5
   e - Dispel Undead                  Necromancy                   5
Comestibles
 b - a meat ration
 c - 11 bread rations


   Skills:
 - Level 6.2 Fighting
 + Level 7.0 Polearms
 - Level 3.0 Armour
 + Level 7.5 Dodging
 - Level 1.4 Stealth
 + Level 9.6 Spellcasting
 + Level 4.4 Conjurations
 * Level 11.7 Necromancy
 - Level 4.0 Fire Magic
 - Level 0.4 Evocations


You had 10 spell levels left.
You knew the following spells:

 Your Spells              Type           Power        Failure   Level  Hunger
a - Pain                  Necr           ####         1%          1    None
b - Animate Skeleton      Necr           N/A          1%          1    None
c - Vampiric Draining     Necr           #####.....   1%          3    None
d - Regeneration          Chrm/Necr      ####......   3%          3    None
e - Animate Dead          Necr           N/A          1%          4    ###....
f - Sublimation of Blood  Necr           #####.....   1%          2    None
g - Flame Tongue          Conj/Fire      ###..        1%          1    None
h - Dispel Undead         Necr           #####...     2%          5    #####..


Dungeon Overview and Level Annotations

Branches:
Dungeon (12/15)            Temple (0/1) D:6            Lair (0/6) D:9
    Orc (0/2) D:10

Altars:
Ashenzari
Elyvilon
Fedhas
Gozag
Hepliaklqana
Kikubaaqudgha
Nemelex Xobeh
Okawaru
Qazlal
Ru
Sif Muna
Wu Jian
Zin

Shops:
D:6 ?   D:8 }   D:10 *

Annotations:
D:9 exclusion: stone giant


Innate Abilities, Weirdness & Mutations

You are too large for most types of armour.
You have tough skin. (AC +1)


Message History

Confirm with . or Enter, or press ? or * to list all spells.
Aiming: Vampiric Draining
Press: ? - help, Shift-Dir - straight line, f/p - stone giant
Aim: a stone giant (moderately wounded)
The stone giant is moderately wounded.
You feel life coursing into your body. The stone giant hits you!
Casting: Vampiric Draining
Confirm with . or Enter, or press ? or * to list all spells.
Aiming: Vampiric Draining
Press: ? - help, Shift-Dir - straight line, f/p - stone giant
Aim: a stone giant (moderately wounded)
The stone giant is heavily wounded.
You feel life coursing into your body. The stone giant hits you!!!
* * * LOW HITPOINT WARNING * * *
The stone giant throws a large rock.
The large rock hits you!
* * * LOW HITPOINT WARNING * * *
You see here a large rock.
The stone giant throws a large rock.
The large rock hits you!!
You die...
Kikubaaqudgha rasps: "You have failed me!
Welcome... death!"

#............#
#............#
#.Z..........#
########'#.........#
#........#........).
#...(....#..........
#........#..........
#...######..........
#..@#o.:}#..........
#..(#.C|)####[8#8..#
#..(#..# #.#!#..#
#...Co.# #.8#8..#
######## #......#
###....# ######


You could see a stone giant.

Vanquished Creatures
  A two-headed ogre (D:11)
  Sonja (D:11)
  The ghost of Senshi the Basher, a novice DsGl of Okawaru (D:7)
  2 orc knights (Bailey)
  3 manticores
  2 ugly things
  Joseph (D:9)
  A guardian serpent (D:9)
  4 kobold demonologists
  3 trolls
  A hornet (D:10)
  3 hippogriffs
  A shadow (D:11)
  4 wyverns
  2 wraiths
  6 yaks
  2 hungry ghosts (D:12)
  A vampire mosquito (D:12)
  An acid dragon (D:11)
  Edmund (D:6)
  2 porcupines
  3 sky beasts
  4 orc warriors
  2 black bears
  4 ice beasts
  4 phantoms
  12 ogres
  4 centaurs
  3 big kobolds
  11 bullfrogs
  3 scorpions
  19 killer bees
  3 wights (D:12)
  An electric eel (D:9)
  6 howler monkeys
  A centaur zombie (D:10)
  5 crimson imps
  2 jellies
  6 hounds
  A quasit (D:6)
  A gnoll shaman (D:10)
  2 orc priests
  A bullfrog skeleton (D:4)
  10 orc wizards
  6 iguanas
  5 worker ants
  A killer bee zombie (D:8)
  A hound zombie (D:6)
  6 hound skeletons
  8 river rats
  12 adders
  17 gnolls
  3 shadow imps
  2 oozes
  An adder zombie (D:9)
  9 worms
  4 dart slugs
  11 leopard geckos
  33 orcs
  11 ball pythons (Sewer)
  8 bats
  5 giant cockroaches
  15 goblins
  11 hobgoblins
  15 jackals
  34 kobolds
  7 quokkas
  9 frilled lizards
  A jackal skeleton (D:4)
  A quokka zombie (D:3)
  30 rats
417 creatures vanquished.

Vanquished Creatures (collateral kills)
  2 two-headed ogres
  A vampire mosquito (D:12)
  A sky beast (D:8)
  A phantom (D:8)
  A black bear (D:10)
  A centaur (D:8)
  4 bullfrogs
  An electric eel (D:9)
  3 crimson imps
  A quasit (D:6)
  3 hounds
  A bullfrog skeleton (D:10)
  2 jellies
  A centaur skeleton (D:6)
  2 orc wizards (D:11)
  A worker ant (D:9)
  2 adders
  A shadow imp (D:10)
  An ooze (Sewer)
  A dart slug (D:1)
  A leopard gecko (D:8)
  2 orcs
  2 ball pythons (Sewer)
  A bat (D:2)
  2 giant cockroaches
  3 goblins
  4 jackals
  2 kobolds
  3 rats (Sewer)
51 creatures vanquished.

Grand Total: 468 creatures vanquished

Notes
Turn   | Place    | Note
-------+----------+-------------------------------------------
     0 | D:1      | AlphabetPasta the Ogre Necromancer began the quest for the Orb.
     0 | D:1      | Reached XP level 1. HP: 16/16 MP: 3/3
    23 | D:1      | Learned a level 1 spell: Animate Skeleton
   232 | D:1      | Reached XP level 2. HP: 12/26 MP: 0/5
   411 | D:1      | Reached skill level 1 in Fighting
   748 | D:1      | Reached skill level 4 in Necromancy
   748 | D:1      | Reached XP level 3. HP: 29/33 MP: 0/7
  1059 | D:1      | Learned a level 3 spell: Vampiric Draining
  1397 | D:1      | Reached XP level 4. HP: 42/44 MP: 4/8
  1407 | D:1      | Learned a level 3 spell: Regeneration
  1836 | D:1      | Reached skill level 1 in Polearms
  1967 | D:2      | Learned a level 3 spell: Regeneration
  2087 | D:2      | Reached XP level 5. HP: 25/50 MP: 1/9
  2959 | D:3      | Found a sparkling altar of Nemelex Xobeh.
  3337 | D:3      | Reached XP level 6. HP: 31/61 MP: 0/11
  3453 | D:3      | Learned a level 4 spell: Animate Dead
  3686 | D:3      | Reached skill level 5 in Necromancy
  4457 | D:4      | Found a glowing drain.
  4596 | Sewer    | Entered a sewer
  4711 | Sewer    | Reached skill level 1 in Armour
  5116 | Sewer    | Reached XP level 7. HP: 35/70 MP: 1/12
  5503 | D:4      | Found a deep blue altar of Sif Muna.
  5507 | D:4      | Found a glowing silver altar of Zin.
  5510 | D:4      | Found a hazy altar of Hepliaklqana.
  5511 | D:4      | Found an opulent altar of Gozag.
  5512 | D:4      | Found a sacrificial altar of Ru.
  5512 | D:4      | Found an ancient bone altar of Kikubaaqudgha.
  5512 | D:4      | Found an ornate altar of the Wu Jian Council.
  5513 | D:4      | Found a blossoming altar of Fedhas.
  5514 | D:4      | Found a shattered altar of Ashenzari.
  5516 | D:4      | Found a white marble altar of Elyvilon.
  5520 | D:4      | Found an iron altar of Okawaru.
  5525 | D:4      | Became a worshipper of Kikubaaqudgha
  5852 | D:5      | Entered Level 5 of the Dungeon
  5924 | D:4      | Reached skill level 6 in Necromancy
  6637 | D:5      | Reached XP level 8. HP: 70/78 MP: 11/14
  6665 | D:5      | Reached * piety under Kikubaaqudgha
  6665 | D:5      | Identified Kikubaaqudgha's Catalogue of Black Secrets (Kikubaaqudgha gifted it to you on level 5 of the Dungeon)
  6665 | D:5      | Received a gift from Kikubaaqudgha
  6671 | D:5      | Learned a level 2 spell: Sublimation of Blood
  7081 | D:5      | Found a stormy altar of Qazlal.
  7598 | D:6      | Found a staircase to the Ecumenical Temple.
  7734 | D:6      | Found Cuptint's Magic Scroll Boutique.
  7740 | D:6      | Bought a scroll of identify for 28 gold pieces
  7740 | D:6      | Bought a scroll of silence for 105 gold pieces
  7740 | D:6      | Bought a scroll of identify for 28 gold pieces
  7740 | D:6      | Bought a scroll of identify for 28 gold pieces
  7797 | D:6      | Noticed Edmund
  7830 | D:6      | Killed Edmund
  7830 | D:6      | Reached skill level 5 in Spellcasting
  8181 | D:6      | Reached skill level 7 in Necromancy
  8237 | D:6      | Found an iron altar of Okawaru.
  8758 | D:6      | Reached XP level 9. HP: 82/84 MP: 14/17
  8988 | D:7      | Found a shattered altar of Ashenzari.
  9104 | D:7      | Learned a level 1 spell: Flame Tongue
  9115 | D:7      | Noticed Senshi's ghost (novice DsGl)
  9420 | D:7      | Reached skill level 5 in Dodging
  9761 | D:6      | Reached skill level 1 in Conjurations
 10572 | D:7      | Reached skill level 8 in Necromancy
 10720 | D:8      | Reached ** piety under Kikubaaqudgha
 10795 | D:8      | Reached skill level 1 in Fire Magic
 11057 | D:8      | Found Igoac's Gadget Emporium.
 11232 | D:8      | Reached XP level 10. HP: 74/93 MP: 9/20
 11671 | D:8      | Reached skill level 5 in Polearms
 12227 | D:9      | Noticed a guardian serpent
 12244 | D:9      | Killed a guardian serpent
 12244 | D:9      | Reached skill level 9 in Necromancy
 13105 | D:9      | Noticed Joseph
 13119 | D:9      | Killed Joseph
 13119 | D:9      | Reached skill level 5 in Fighting
 13258 | D:9      | Found a staircase to the Lair.
 13298 | D:9      | Noticed a cyan ugly thing
 13298 | D:9      | Noticed a gargoyle
 13403 | D:8      | Killed a cyan ugly thing
 13745 | D:9      | Noticed an orc knight
 13745 | D:9      | Noticed a stone giant
 13779 | D:10     | Entered Level 10 of the Dungeon
 13812 | D:10     | Reached *** piety under Kikubaaqudgha
 13812 | D:10     | Identified Kikubaaqudgha's Catalogue of Evil Secrets (Kikubaaqudgha gifted it to you on level 10 of the Dungeon)
 13812 | D:10     | Received a gift from Kikubaaqudgha
 13845 | D:10     | Learned a level 5 spell: Dispel Undead
 13862 | D:10     | Found a flagged portal.
 13905 | Bailey   | Entered a bailey
 13911 | Bailey   | Noticed an orc knight
 13925 | Bailey   | Noticed an orc knight
 14223 | Bailey   | Killed an orc knight
 14223 | Bailey   | Reached XP level 11. HP: 63/105 MP: 6/22
 14289 | Bailey   | Killed an orc knight
 14585 | D:10     | Reached skill level 10 in Necromancy
 14910 | D:10     | Found Udul Egi's General Store.
 15094 | D:10     | Bought a +0 hat for 68 gold pieces
 15094 | D:10     | Bought a potion of lignification for 51 gold pieces
 15278 | D:10     | Found a staircase to the Orcish Mines.
 15287 | D:10     | Reached **** piety under Kikubaaqudgha
 16554 | D:11     | Noticed Sonja
 16556 | D:10     | Paralysed by a hornet for 1 turns
 16952 | D:11     | Killed Sonja
 17138 | D:11     | Noticed a manticore
 17160 | D:11     | Killed a manticore
 17284 | D:11     | Noticed a two-headed ogre
 17370 | D:11     | Killed a two-headed ogre
 17387 | D:11     | Noticed a manticore
 17395 | D:11     | Killed a manticore
 17514 | D:11     | Noticed a two-headed ogre
 17523 | D:11     | Killed a two-headed ogre
 17590 | D:11     | Reached skill level 11 in Necromancy
 17590 | D:11     | Reached XP level 12. HP: 114/114 MP: 19/25
 17683 | D:10     | Noticed a soul eater
 18512 | D:12     | Noticed a rakshasa
 19433 | D:12     | Noticed a two-headed ogre
 19451 | D:12     | Killed a two-headed ogre
 19655 | D:7      | Killed Senshi's ghost
 19742 | D:9      | Reached ***** piety under Kikubaaqudgha
 19868 | D:9      | Hit by a large rock thrown by a stone giant

Vault maps used:
D:1:      mrwooster_arrival_statue_3
D:3:      lemuel_statue_altar
D:4:      minitemple, first_bread, portal_sewer_entry_b
D:5:      nicolae_qazlal_eye_of_the_storm
D:6:      minmay_temple_entry_nine_rooms, serial_shops, shop,
          kennysheep_okawaru_gauntlet, uniq_edmund
D:7:      grunt_ogre_cave, cheibrodos_ashenzari_chains
D:8:      serial_shops, nicolae_shop_crystal
D:9:      minmay_shrinking_squares, grunt_lair_entry_orc_guard_hut,
          fungi_pond_lemuel, minmay_statues_item,
          nrook_guardian_serpent_ordinary, uniq_joseph
D:10:     orc_0_dummy, enter_bailey_3, serial_shops, shop,
          kennysheep_generic_room_11
D:11:     uniq_sonja
Sewer:    sewer_minmay_w
Bailey:   bailey_axe_4, bailey

Skill      XL: |  1  2  3  4  5  6  7  8  9 10 11 12 |
---------------+-------------------------------------+-----
Fighting       | 1 2 3 4 6 |  6.2
Dodging        | 2 3 4 5 6 7 |  7.5
Necromancy     | 4 5 6 7 8 9 11 | 11.7
Polearms       | 1 2 3 4 5 6 7 |  7.0
Spellcasting   | 3 4 5 6 7 9 |  9.6
Armour         | 1 2 3 |  3.0
Conjurations   | 1 3 4 |  4.4
Fire Magic     | 1 2 4 |  4.0
Stealth        | |  1.4
Evocations     | |  0.4

Action                   |  1- 3 |  4- 6 |  7- 9 | 10-12 || total
-------------------------+-------+-------+-------+-------++-------
Melee: Unarmed           |    56 |       |       |       ||    56
       Spear             |    24 |   281 |   398 |       ||   703
       Trident           |       |       |   148 |   524 ||   672
Throw: Javelin           |       |       |    17 |    13 ||    30
 Cast: Pain              |    44 |   158 |   137 |   126 ||   465
       Animate Skeleton  |    14 |    31 |    17 |    17 ||    79
       Vampiric Draining |       |     9 |    35 |   162 ||   206
       Animate Dead      |       |     1 |    12 |    23 ||    36
       Regeneration      |       |       |    11 |    28 ||    39
       Flame Tongue      |       |       |       |   102 ||   102
       Sublimation of Bl |       |       |       |    14 ||    14
       Dispel Undead     |       |       |       |    17 ||    17
Invok: Receive Corpses   |       |       |       |     1 ||     1
 Abil: Evoke Flight      |       |       |       |     2 ||     2
Evoke: Wand              |       |       |     7 |    10 ||    17
       Box of beasts     |       |       |       |     1 ||     1
  Use: Scroll            |       |     8 |    13 |     9 ||    30
       Potion            |       |     2 |     1 |    13 ||    16
 Stab: Sleeping          |     2 |     4 |     4 |     3 ||    13
       Distracted        |       |     2 |     2 |     2 ||     6
       Paralysed         |       |       |    26 |    15 ||    41
  Eat: Chunk             |     2 |    11 |    15 |    16 ||    44
       Royal jelly       |       |     1 |     1 |     3 ||     5
       Bread ration      |       |       |     2 |       ||     2
       Fruit             |       |       |       |     4 ||     4
       Meat ration       |       |       |       |     3 ||     3
Armor: Robe              |    37 |    82 |   128 |    89 ||   336
       Troll leather arm |       |       |       |    99 ||    99
Dodge: Dodged            |    56 |   155 |   293 |   557 ||  1061
